 Dungeon Crawl Stone Soup version 0.23.1 (webtiles) character file.

Game seed: 2745661102390528237

8112 Borgoz the Slicer (level 11, -1/92 HPs)
             Began as a Ghoul Monk on Mar 18, 2019.
             Was a Believer of Ashenzari.
             Killed from afar by Erica (17 damage)
             ... with an orb of energy
             ... on level 1 of the Lair of Beasts.
             The game lasted 00:25:00 (9322 turns).

Borgoz the Slicer (Ghoul Monk)                      Turns: 9322, Time: 00:25:00

Health: -1/92      AC:  9    Str: 16    XL:     11   Next: 25%
Magic:  10/10      EV: 16    Int:  7    God:    Ashenzari [**....]
Gold:   737        SH:  0    Dex: 17    Spells: 10/10 levels left

rFire    . . .     SeeInvis .   a - +4 dagger (elec)
rCold    + . .     Gourm    .   (no shield)
rNeg     + + +     Faith    .   s - +0 ring mail
rPois    ∞         Spirit   .   j - +1 helmet
rElec    .         Reflect  .   (no cloak)
rCorr    .         Harm     .   (no gloves)
MR       .....                  (no boots)
Stlth    +++.......             x - amulet of the acrobat
HPRegen  0.00/turn              A - +5 ring of dexterity
MPRegen  0.12/turn              (no ring)

@: rotting, slowed, very slow
A: rotting body, claws 1, carnivore, cold resistance 1, negative energy
resistance 3, inhibited regeneration, torment resistance, unbreathing
a: Curse Item, Scrying, Renounce Religion


You were on level 1 of the Lair of Beasts.
You worshipped Ashenzari.
Ashenzari was pleased with you.
You were not hungry.

You visited 3 branches of the dungeon, and saw 12 of its levels.
You also visited: Ossuary.

You collected 773 gold pieces.
You spent 36 gold pieces at shops.

Inventory:

Hand Weapons
 a - a +4 dagger of electrocution (weapon)
 b - a +1 rapier
 f - the +0 dagger of Midnight {pierce, +Rage rElec rPois rC+}
   (You found it on level 4 of the Dungeon)

   It inflicts extra damage upon your enemies.
   It protects you from cold.
   It insulates you from electricity.
   It protects you from poison.
   It lets you go berserk.
Missiles
 p - a throwing net (quivered)
 F - 12 tomahawks
Armour
 j - a +1 helmet (worn)
 s - a +0 ring mail (worn)
Jewellery
 e - a +3 amulet of reflection
 w - an uncursed ring of ice
 x - an amulet of the acrobat (around neck)
 A - a +5 ring of dexterity (left claw)
Wands
 v - a wand of paralysis (5)
 y - a wand of acid (7)
 D - a wand of flame (24)
Scrolls
 d - 4 scrolls of enchant armour
 g - 2 scrolls of blinking
 i - 3 scrolls of enchant weapon
 k - 8 scrolls of teleportation
 n - 2 scrolls of magic mapping
 o - 6 scrolls of identify
 t - 3 scrolls of fog
 u - 2 scrolls of fear
 C - 2 scrolls of remove curse
Potions
 l - 3 potions of haste
 m - 8 potions of flight
 q - a potion of cancellation
 r - 2 potions of magic
 z - a potion of curing
 B - a potion of might
Comestibles
 c - 12 rations


   Skills:
 + Level 7.4 Fighting
 * Level 8.5 Short Blades
 * Level 7.8 Armour
 * Level 8.4 Dodging
 + Level 7.4 Stealth


You had 10 spell levels left.
You didn't know any spells.
Your spell library contained the following spells:

 Spells                   Type           Power        Failure   Level  Hunger
 Infusion                 Chrm           #...         63%         1    ##.....
 Shroud of Golubria       Chrm/Tloc      #.........   77%         2    ###....
 Song of Slaying          Chrm           #.......     77%         2    ###....
 Regeneration             Chrm/Necr      #.........   94%         3    ####...
 Spectral Weapon          Hex/Chrm       #.......     94%         3    ####...


Dungeon Overview and Level Annotations

Branches:
Dungeon (10/15)            Temple (1/1) D:6            Lair (1/6) D:10
    Orc: D:9-12

Altars:
Ashenzari
Cheibriados
Dithmenos
Elyvilon
Fedhas
Gozag
Hepliaklqana
Kikubaaqudgha
Makhleb
Nemelex Xobeh
Okawaru
Qazlal
Ru
Sif Muna
Trog
Uskayaw
Vehumet
Wu Jian
Xom
Yredelemnul
Zin
The Shining One
Beogh

Shops:
D:4 *

Annotations:
D:6 3 runed translucent doors, humpolec's ghost, novice HOFi
Lair:1 Erica


Innate Abilities, Weirdness & Mutations

Your body is rotting away.
You thrive on raw meat.
You are immune to poison.
You have sharp fingernails.
You are carnivorous and can eat meat at any time.
Your flesh is cold resistant. (rC+)
You are immune to negative energy. (rN+++)
You do not regenerate when monsters are visible.
You are immune to unholy pain and torment.
You can survive without breathing.


Message History

You hear some strange, mumbled words.
An orb of energy appears from out of thin air!
The orb of energy hits you!!
* * * LOW HITPOINT WARNING * * *
The orb of energy explodes!
Unknown command.
You feel better.
You hear some strange, mumbled words.
A bolt of poison appears from out of thin air!
The bolt of poison hits you but does no damage.
You resist. Something hits you.
* * * LOW HITPOINT WARNING * * *
Something burns you.
* * * LOW HITPOINT WARNING * * *
Okay, then.
You feel better.
You hear some strange, mumbled words.
An orb of energy appears from out of thin air!
The orb of energy hits you!
You die...

...### *#....## ...#
* *#....P* ...# * ##*
##....# ...#.#
#.###.....# .......
........?.# .......
..........# .......
..........# .......,
.>......).#
.....#.**.#.##..@..#
.....# ** ##..{.#
....## #.....##
.....# ##....P# ....#
#.....## ....# ###
##....#
....#####.#####....#
...................##
....................#


There were no monsters in sight!

Vanquished Creatures
  A two-headed ogre (D:9)
  Prince Ribbit (D:7)
  A hippogriff (D:9)
  5 yaks (Lair:1)
  A hungry ghost (D:9)
  Menkaure (D:7)
  A soldier ant (D:6)
  4 porcupines
  2 water moccasins
  2 orc warriors
  A sky beast (D:5)
  A black bear (D:10)
  3 ice beasts
  3 phantoms
  2 ogres
  An eye of draining (D:9)
  13 centaurs
  A crocodile (Lair:1)
  Blork the orc (D:4)
  4 bullfrogs
  2 wyvern zombies (D:8)
  4 scorpions
  5 killer bees (D:8)
  3 howler monkeys
  2 bullfrog zombies (D:5)
  6 crimson imps
  3 jellies
  4 hounds
  4 orc priests
  2 bullfrog skeletons (D:4)
  2 orc wizards
  3 centaur skeletons
  4 iguanas
  9 worker ants
  3 killer bee zombies
  4 hound zombies
  3 hound skeletons
  19 mummies
  5 worker ant zombies
  16 adders
  2 shadow imps
  An adder zombie (Ossuary)
  An adder skeleton (D:4)
  4 worms
  7 dart slugs
  3 leopard geckos
  23 orcs
  12 bats
  5 giant cockroaches
  6 goblins
  8 hobgoblins
  4 jackals (D:2)
  7 quokkas
  A ball python (D:4)
  8 frilled lizards
  A jackal zombie (Ossuary)
  7 kobolds
  12 rats
264 creatures vanquished.

Vanquished Creatures (others)
  6 withered plants (Ossuary)
6 creatures vanquished.

Grand Total: 270 creatures vanquished

Notes
Turn   | Place    | Note
-------+----------+-------------------------------------------
     0 | D:1      | Borgoz the Ghoul Monk began the quest for the Orb.
     0 | D:1      | Reached XP level 1. HP: 19/19 MP: 0/0
   202 | D:1      | Reached XP level 2. HP: 17/26 MP: 1/1
   718 | D:1      | Reached skill level 1 in Armour
   718 | D:1      | Reached XP level 3. HP: 31/31 MP: 2/2
  1607 | D:2      | Reached XP level 4. HP: 35/39 MP: 3/3
  1975 | D:2      | Found an ornate altar of the Wu Jian Council.
  1978 | D:2      | Found a stormy altar of Qazlal.
  1981 | D:2      | Found a burning altar of Makhleb.
  2232 | D:2      | Found a glowing golden altar of the Shining One.
  2316 | D:3      | Reached XP level 5. HP: 46/46 MP: 4/4
  2985 | D:4      | Reached XP level 6. HP: 51/52 MP: 5/5
  3180 | D:4      | Found Imatucog's General Store.
  3185 | D:4      | Bought a scroll of teleportation for 36 gold pieces
  3495 | D:4      | Found a bloodstained altar of Trog.
  3543 | D:4      | Got a jewelled dagger
  3544 | D:4      | Identified the cursed +0 dagger of Midnight {pierce, +Rage
                  | rElec rPois rC+} (You found it on level 4 of the Dungeon)
  3626 | D:5      | Entered Level 5 of the Dungeon
  3637 | D:5      | Reached XP level 7. HP: 45/60 MP: 6/6
  3693 | D:5      | Noticed Blork the orc
  3885 | D:4      | Killed Blork the orc
  4177 | D:5      | Reached XP level 8. HP: 30/67 MP: 7/7
  4209 | D:5      | Reached skill level 5 in Short Blades
  4209 | D:5      | Reached skill level 5 in Dodging
  4325 | D:6      | Reached skill level 5 in Fighting
  4341 | D:6      | Found a sand-covered staircase.
  4348 | Ossuary  | Entered an ossuary
  5499 | D:6      | Reached XP level 9. HP: 43/71 MP: 8/8
  5591 | D:6      | Reached skill level 5 in Armour
  5591 | D:6      | Reached skill level 5 in Stealth
  5695 | D:6      | Found a staircase to the Ecumenical Temple.
  5879 | Temple   | Entered the Ecumenical Temple
  6048 | Temple   | Became a worshipper of Ashenzari the Shackled
  6048 | Temple   | Reached * piety under Ashenzari
  6048 | Temple   | Reached ** piety under Ashenzari
  6173 | D:6      | Found a blossoming altar of Fedhas.
  6336 | D:6      | Found a runed translucent gate.
  6336 | D:6      | Found a runed translucent gate.
  6336 | D:6      | Found a runed translucent gate.
  6336 | D:6      | Noticed humpolec's ghost (novice HOFi)
  6338 | D:6      | Identified the cursed +1 chain mail of Wonder {rElec MR+
                  | Str-5}
  6348 | D:6      | Found a roughly hewn altar of Beogh.
  6498 | D:7      | Found a sacrificial altar of Ru.
  6515 | D:7      | Noticed Prince Ribbit
  6534 | D:7      | Killed Prince Ribbit
  6671 | D:7      | Noticed Menkaure
  6679 | D:7      | Killed Menkaure
  6999 | D:8      | Reached XP level 10. HP: 53/83 MP: 9/9
  8134 | D:9      | Noticed a two-headed ogre
  8142 | D:9      | Killed a two-headed ogre
  8421 | D:10     | Entered Level 10 of the Dungeon
  8735 | D:10     | Found a staircase to the Lair.
  8737 | D:10     | Reached XP level 11. HP: 92/92 MP: 10/10
  8756 | Lair:1   | Entered Level 1 of the Lair of Beasts
  9056 | Lair:1   | Found an ancient bone altar of Kikubaaqudgha.
  9271 | Lair:1   | Noticed Erica
  9322 | Lair:1   | Killed from afar by Erica

Skill      XL: |  1  2  3  4  5  6  7  8  9 10 |
---------------+-------------------------------+-----
Dodging        | 3 4 5 6 8 |  8.4
Short Blades   | 3 4 5 6 8 |  8.5
Armour         | 1 2 3 4 6 7 |  7.8
Fighting       | 4 5 6 7 |  7.4
Stealth        | 3 4 6 7 |  7.4

Action                   |  1- 3 |  4- 6 |  7- 9 | 10-12 || total
-------------------------+-------+-------+-------+-------++-------
Melee: Short sword       |   102 |       |       |       ||   102
       Rapier            |    25 |   286 |   463 |       ||   774
       Dagger            |       |    11 |   137 |   393 ||   541
Evoke: Wand              |       |       |     6 |       ||     6
  Use: Scroll            |       |       |    21 |     1 ||    22
       Potion            |       |       |     8 |     6 ||    14
 Stab: Sleeping          |     6 |     6 |     5 |     6 ||    23
       Invisible         |       |       |     2 |       ||     2
  Eat: Chunk             |     6 |    18 |    20 |    34 ||    78
Armor: Robe              |    22 |    18 |       |       ||    40
       Ring mail         |       |    60 |   146 |    56 ||   262
Dodge: Dodged            |    69 |   188 |   335 |   233 ||   825
Block: Other             |    11 |    35 |       |       ||    46
       Reflection        |     2 |       |       |       ||     2
